 Dungeon Crawl Stone Soup version 0.29.1-2-gbd0b4ee654 (webtiles) character file.

Game seed: 6863078027241100182

58 qeuew the Conjurer (level 3, -1/14 HPs)
             Began as a Felid Conjurer on Nov 15, 2022.
             Killed from afar by an orc wizard (4 damage)
             ... with a magic dart
             ... on level 4 of the Dungeon.
             The game lasted 00:03:01 (3469 turns).

qeuew the Conjurer (Felid Conjurer)                 Turns: 3469, Time: 00:03:02

Health: -1/14      AC:  1    Str:  3    XL:     3   Next: 76%
Magic:  5/8        EV: 18    Int: 19    God:
Gold:   232        SH:  0    Dex: 16    Spells: 4/7 levels left
                                        Lives:  0   Deaths: 1

rFire   . . .      SeeInvis +     - Unarmed
rCold   . . .      Faith    .   (shield unavailable)
rNeg    . . .      Spirit   .   (body armour unavailable)
rPois   .          Reflect  .   (helmet unavailable)
rElec   .          Harm     .   (cloak unavailable)
rCorr   .          Rampage  .   (gloves unavailable)
Will    .....                   (boots unavailable)
Stlth   +++.......              (no amulet)
HPRegen 0.04/turn               (no ring)
MPRegen 0.11/turn               (no ring)

@: quick
A: very small, claws 1, fangs 3, see invisible, speed 1, shaggy fur 1, stealthy
paws, no weapons or thrown items, no armour, multi-lived
a: no special abilities


You were on level 4 of the Dungeon.
You visited 1 branch of the dungeon, and saw 4 of its levels.

You collected 232 gold pieces.

Inventory:

Scrolls
 d - a scroll of fear
 e - a scroll of teleportation
 f - a scroll of brand weapon {unknown}
 h - a scroll of acquirement
Potions
 b - a potion of flight
 c - a potion of brilliance


   Skills:
 + Level 3.8 Dodging
 + Level 4.0 Stealth
 + Level 1.5 Unarmed Combat
 + Level 2.7 Spellcasting
 + Level 4.1 Conjurations


You had 4 spell levels left.
You knew the following spells:

 Your Spells              Type           Power      Damage    Failure   Level
a - Magic Dart            Conj           72%        1d6       3%          1
b - Searing Ray           Conj           36%        2d5       4%          2

Your spell library contained the following spells:

 Spells                   Type           Power      Damage    Failure   Level
 Summon Small Mammal      Summ           8%         N/A       16%         1
 Dazzling Flash           Conj/Hex       20%        N/A       21%         3
 Call Canine Familiar     Summ           2%         N/A       43%         3
 Summon Guardian Golem    Hex/Summ       2%         N/A       43%         3
 Fulminant Prism          Conj/Hex       5%         3d7       54%         4
 Iskenderun's Mystic Bla  Conj/Tloc      10%        2d4       54%         4


Dungeon Overview and Level Annotations

Branches:
Dungeon (4/15)
 Temple: D:4-7

Altars:
The Shining One


Innate Abilities, Weirdness & Mutations

You have sharp claws.
You have razor-sharp teeth.
You have supernaturally acute eyesight. (SInv)
You cover ground quickly. (Speed+)
You are covered in fur. (AC +1)
Your paws help you pounce on unaware monsters.
You are incapable of wielding weapons or throwing items.
You cannot wear armour.
You gain extra lives every three experience levels.


Message History

The scorpion is almost dead.
You feel sick. The scorpion stings you.
* * * LOW HITPOINT WARNING * * *
You are more poisoned.
The scorpion poisons you! Magic courses through your body.
You die...
You feel very sick.
The scorpion stings you but does no damage.
You are now level 3!
You rejoin the land of the living...
There is an escape hatch in the floor here.
An orc wizard comes into view. It is wielding a +0 dagger.
An orc wizard is nearby!
The magic dart hits the orc wizard.
The orc wizard is lightly wounded.
The orc wizard shouts!
The orc wizard points at you and mumbles some strange words.
The magic dart hits you.
You hear a shout!
An orc wizard is nearby!
The magic dart hits the orc wizard.
The orc wizard is heavily wounded.
An orc wizard comes into view. It is wielding a +0 dagger.
There are monsters nearby!
The magic dart hits the orc wizard.
The orc wizard is heavily wounded.
The orc wizard points at you and mumbles some strange words.
The magic dart hits you.
* * * LOW HITPOINT WARNING * * *
You are too injured to fight recklessly!
You are too injured to fight recklessly!
You are too injured to fight recklessly!
You are too injured to fight recklessly!
You are too injured to fight recklessly!
You are too injured to fight recklessly!
You are too injured to fight recklessly!
The orc wizard points at you and mumbles some strange words.
The magic dart hits you.
You die...

..).................+.....
#######o.......##.#######.....
...............##.#######.....
....##.o.......##.............
..........###.....#######.....
#..........######.# ####.....
#.......♣..## #.# #........
#.......♣♣..#####.# ##.######.
#######......@....# #..†......
###.##.###### #.s#######
#.##..# #.... #.###..# #....#
#.# #...#.... #.# ##.#.#..
#.### ..... #...# ...## ###.#


You could see an orc wizard.

Vanquished Creatures
  5 adders
  2 worms (D:3)
  3 dart slugs
  6 ball pythons
  2 endoplasms (D:2)
  2 giant cockroaches
  6 hobgoblins
  8 jackals
  7 kobolds
  2 quokkas
  5 bats
  5 frilled lizards
  4 goblins
  5 rats
62 creatures vanquished.

Notes
Turn   | Place    | Note
-------+----------+-------------------------------------------
     0 | D:1      | qeuew the Felid Conjurer began the quest for the Orb.
     0 | D:1      | Reached XP level 1. HP: 7/7 MP: 4/4
   374 | D:1      | Reached XP level 2. HP: 11/11 MP: 4/6
   377 | D:1      | Learned a level 2 spell: Searing Ray
  1420 | D:2      | Reached XP level 3. HP: 7/14 MP: 1/7
  1479 | D:2      | Found a faded altar of an unknown god.
  1486 | D:2      | Reached skill level 1 in Unarmed Combat
  1842 | D:2      | Found a glowing golden altar of the Shining One.
  2044 | D:3      | Reached XP level 4. HP: 18/18 MP: 0/8
  3080 | D:3      | Identified a scroll of acquirement
  3387 | D:4      | Noticed a scorpion
  3406 | D:4      | Succumbed to a scorpion's poison
  3407 | D:4      | Reached XP level 3. HP: 0/14 MP: 8/8
  3469 | D:4      | Killed from afar by an orc wizard

Illustrated notes

Levels and vault maps discovered:
D:1:      amcnicky_arrival_feature_with_door, layout_loops_cross
D:2:      layout_basic, ebering_ecumenical_altar_rust, basic_altar
D:3:      layout_loops_ring
D:4:      layout_basic, temple_green, nicolae_shop_fire_sale
          [nicolae_sub_dead_trees], chequers_mini_garden, uniq_blork_the_orc

Skill      XL: |  1  2  3  4 |
---------------+-------------+-----
Stealth        | 3 4 |  4.0
Dodging        | 3 |  3.8
Unarmed Combat | 1 |  1.5
Conjurations   | 4 |  4.1
Spellcasting   | |  2.7

Action                   |  1- 3 |  4- 6 || total
-------------------------+-------+-------++-------
Melee: Unarmed           |    13 |    29 ||    42
       Punch             |       |     2 ||     2
       Bite              |       |     2 ||     2
 Cast: Magic Dart        |    87 |    60 ||   147
  Use: Scroll            |     6 |     1 ||     7
       Potion            |     1 |     3 ||     4
Armor: Skin              |       |     4 ||     4
Dodge: Dodged            |    24 |    50 ||    74
